 Dungeon Crawl Stone Soup version 0.31.0-11-ge490571c62 (webtiles) character file.

Game seed: 10736110313137527911

115600 SnakkuSnakku7 the Metamorph (level 15, -4/114 HPs)
             Began as a Merfolk Conjurer on Feb 1, 2024.
             Was a High Priest of Okawaru.
             Slain by a pharaoh ant (13 damage)
             ... in the Arena.
             The game lasted 00:51:07 (30213 turns).

SnakkuSnakku7 the Metamorph (Merfolk Conjurer)     Turns: 30213, Time: 00:51:08

Health: -4/114     AC: 22    Str: 16    XL:     15   Next: 69%
Magic:  0/22       EV: 14    Int: 22    God:    Okawaru [*****.]
Gold:   1540       SH:  0    Dex: 25    Spells: 17/17 levels left

rFire   x .          .
                       - Unarmed
rCold   . . .        (shield currently unavailable)
rNeg    . . .        r - +1 chain mail of Complete Protection {Regen+}
rPois   +            t - +1 helmet of Cynicism {Str+4 Int+3}
rElec   .            F - +4 cloak of Ziec {rF- Dex+7}
rCorr   .            w - melded +0 pair of gloves
SInv    .            T - +2 pair of boots of the Prince of Darkness {Rampage}
Will    +....        j - amulet of guardian spirit Stlth
                     m - ring "Riewn" {rPois Dex+6}
HPRegen 1.19/turn    S - +4 ring of protection
MPRegen 0.18/turn

%: inaccuracy (-5), guardian spirit, rampage
@: blade hands, corroded, on berserk cooldown, slowed, duelling, very slow
A: weak 1, no stealth, hated by all, no earth magic, no hexes magic, no
summoning magic, unskilled 1, inexperienced 1, missing an eye, (nimble swimmer
2), mertail
a: Begin Untransformation, Renounce Religion, Heroism, Finesse, Duel


You were in the Arena.
You worshipped Okawaru.
Okawaru was extremely pleased with you.
You had blades for hands.
You visited 5 branches of the dungeon, and saw 26 of its levels.
You visited 1 bazaar.
You also visited: Sewer and Ossuary.

You collected 2742 gold pieces.
You spent 1202 gold pieces at shops.

Inventory:

Armour
 r - the +1 chain mail of Complete Protection (worn) {Regen+}
   (You found it on level 11 of the Dungeon)

   Regen+:    It increases your rate of health regeneration.
 t - the +1 helmet of Cynicism (worn) {Str+4 Int+3}
   (You found it on level 14 of the Dungeon)

   Str+4:     It affects your strength (+4).
   Int+3:     It affects your intelligence (+3).
 w - a +0 pair of gloves (melded)
 F - the +4 cloak of Ziec (worn) {rF- Dex+7}
   (You found it on level 7 of the Dungeon)

   Dex+7:     It affects your dexterity (+7).
   rF-:       It makes you vulnerable to fire.
 T - the +2 pair of boots of the Prince of Darkness (worn) {Rampage}
   (You found it on level 13 of the Dungeon)

   Rampage:   It bestows one free step when moving towards enemies.
Jewellery
 j - an amulet of guardian spirit (around neck)
 k - an amulet of the acrobat
 m - the ring "Riewn" (left blade hand) {rPois Dex+6}
   (You found it on level 1 of the Lair of Beasts)

   [ring of dexterity]

   Dex+6:     It affects your dexterity (+6).
   rPois:     It protects you from poison
 x - an amulet of reflection
 N - a ring of protection from fire
 S - a +4 ring of protection (right blade hand)
Talismans
 i - a blade talisman (active)
 o - a dragon-blood talisman
 q - a serpent talisman
Wands
 p - a wand of mindburst (26)
 A - a wand of flame (67)
 D - a wand of paralysis (29)
 I - a wand of roots (8)
 Q - a wand of digging (5)
Scrolls
 d - 9 scrolls of teleportation
 e - 5 scrolls of revelation
 g - 4 scrolls of poison
 l - 3 scrolls of immolation
 n - a scroll of fear
 u - 10 scrolls of fog
 y - a scroll of vulnerability
 O - a scroll of torment
 R - 2 scrolls of enchant armour
Potions
 a - a potion of cancellation
 b - 5 potions of magic
 f - 2 potions of curing
 s - a potion of ambrosia
 v - 4 potions of brilliance
 z - 2 potions of resistance
 B - 6 potions of haste
 C - 3 potions of lignification
 E - 6 potions of enlightenment
 G - a potion of berserk rage
 H - 2 potions of invisibility
 J - 5 potions of attraction
 K - a potion of might
 L - a potion of mutation


   Skills:
 + Level 9.5 Fighting
 - Level 7.1 Armour
 - Level 10.6 Dodging
 - Level 15.0 Unarmed Combat
 - Level 1.7 Spellcasting
 - Level 2.9 Conjurations
 - Level 10.0 Invocations
 - Level 19.0 Shapeshifting


You had 17 spell levels left.
You didn't know any spells.
Your spell library contained the following spells:

 Spells                   Type           Power      Damage    Failure   Level
 Magic Dart               Conj           60%        1d6       36%         1
 Searing Ray              Conj           30%        2d5       50%         2
 Necrotise                Necr           4%         1d4       78%         1
 Cigotuvi's Dreadful Rot  Necr/Alch/Air  2%         N/A       89%         2
 Gell's Gravitas          Tloc           1%         N/A       98%         3
 Teleport Other           Tloc           1%         N/A       98%         3
 Vampiric Draining        Necr           1%         2d6       98%         3
 Fulminant Prism          Conj/Alch      4%         3d5       100%        4
 Ignite Poison            Fire/Alch      1%         N/A       100%        4
 Iskenderun's Mystic Bla  Conj/Tloc      8%         2d4       100%        4
 Alistair's Intoxication  Alch           0%         N/A       100%        5
 Curse of Agony           Necr           1%         N/A       100%        5
 Freezing Cloud           Conj/Ice/Air   3%         6-21      100%        5
 Dispersal                Tloc           0%         N/A       100%        6
 Eringya's Noxious Bog    Alch           0%         4d6       100%        6
 Animate Dead             Necr           Unusable   N/A       N/A         4
 Martyr's Knell           Necr/Summ      Unusable   N/A       N/A         4
 Borgnjor's Vile Clutch   Necr/Erth      Unusable   N/A       N/A         5
 Haunt                    Necr/Summ      Unusable   N/A       N/A         7
 Infestation              Necr           Unusable   N/A       N/A         8

Dungeon Overview and Level Annotations

Branches:
Dungeon (15/15)            Temple (1/1) D:6            Lair (5/5) D:11
 Shoals (0/4) Lair:3       Spider (3/4) Lair:3        Slime (0/5) Lair:4
    Orc (2/2) D:9             Elf (0/3) Orc:2        Vaults (0/5) D:13
 Depths (0/4) D:15          Sewer (visited)         Ossuary (visited)

Altars:
Ashenzari
Cheibriados
Dithmenos
Elyvilon
Gozag
Kikubaaqudgha
Makhleb
Nemelex Xobeh
Okawaru
Qazlal
Ru
Sif Muna
Trog
Uskayaw
Vehumet
Wu Jian
Xom
Zin
The Shining One

Shops:
D:12 *   Orc:1 :!:   Orc:2 ([*:

Annotations:
D:8 1 exclusion
D:10 3 runed translucent doors, jestert79's ghost, journeyman DrRe
D:12 3 runed translucent doors, 2 transporters, snydleywhiplash's ghost, journeyman GrEE
Lair:4 3 runed translucent doors, babelphish's ghost, journeyman GrEE
Spider:3 Aizul; Azrael


Innate Abilities, Weirdness & Mutations

You have blades for hands.
You are incapable of wielding weapons or throwing items.
You are weak. (Str -2)
You cannot be stealthy.
You are hated by all.
You cannot study or cast Earth magic.
You cannot study or cast Hexes magic.
You cannot study or cast Summoning magic.
You are somewhat unskilled. (-1 Apt)
You are somewhat inexperienced. (-1 XL)
You are missing an eye, making it more difficult to aim.
((You are very nimble when in or above water. (Stealth+, EV+, Speed+++)))
Your lower body shifts to a powerful aquatic tail in water.


Message History

The grasping roots constrict the redback. x3
The grasping roots constrict the redback!
You hear a faint skittering sound.
The roots release their grip on the redback. x3
The redback bites you.
* * * LOW HITPOINT WARNING * * *
The redback closely misses you. The redback bites you.
* * * LOW HITPOINT WARNING * * *
The redback bites you but does no damage. x2
The redback closely misses you.
Unknown command.
Unknown command.
Unknown command.
Okay, then.
Magic courses through your body.
The grasping roots constrict the redback!
The roots release their grip on the redback.
The redback bites you.
* * * LOW HITPOINT WARNING * * *
The redback bites you.
* * * LOW HITPOINT WARNING * * *
The redback closely misses you.
The culicivora chitters at the redback.
The redback is healed somewhat.
The redback bites you but does no damage.
The redback bites you!
* * * LOW HITPOINT WARNING * * *
The redback bites you but does no damage. x3
Unknown command.
Aiming: Duel (16% risk of failure)
Press: ? - help, Dir - move target, f - pharaoh ant, p - redback
Aim: a pharaoh ant You enter into single combat with the pharaoh ant!
The world spins around you as you enter the gateway.
You enter Okawaru's Arena!
Found a gate leading back out of this place.
The spectator shouts! x7
The pharaoh ant bites you!!
You die...
Okawaru crowns the pharaoh ant victorious!

#########
#.▓...▓p#
#.▓.8.▓.#
#p▓...▓▓#
#p▓...▓.#
#.▓...▓p#
#.▓..B▓▓#
#▓▓.@.▓∩#
#.▓...▓▓#
#.▓...▓p#
#p▓...▓.#
#p▓...▓▓#
#.▓.8.▓.#
#.▓...▓p#
#########


You could see a pharaoh ant.

Vanquished Creatures
  Arachne (Spider:2)
  Mlioglotl (Spider:2)
  Jorgrun (D:12)
  Frances (Spider:1)
  An emperor scorpion (Spider:1)
  An orc warlord (Orc:1)
  A fire dragon (Lair:5)
  4 entropy weavers
  A quicksilver dragon zombie (D:15)
  The ghost of TheBioAlchemist the Grappler, a journeyman DrSh of Wu Jian (D:11)
  A vault guard (D:13)
  5 hydras
  A jorogumo (Spider:1)
  7 boulder beetles
  5 centaur warriors
  A sphinx zombie (D:15)
  An ogre mage (D:15)
  A radroach (Spider:2)
  10 death yaks
  2 two-headed ogres
  A vampire mage (D:15)
  2 demonic crawlers (Spider:1)
  A tengu warrior (D:12)
  Urug (D:12)
  4 orc high priests (Orc:2)
  A storm dragon zombie (D:15)
  A skyshark (Lair:5)
  A fire crab (Lair:5)
  2 pharaoh ants
  Amaemon (Lair:3)
  4 orb spiders
  2 skeletal warriors (D:15)
  6 steelbarb worms
  A deep elf pyromancer (D:13)
  A necromancer (D:15)
  4 orc sorcerers
  4 orc knights
  A lindwurm (D:10)
  3 cyclopes
  7 wolf spiders
  A meliai (shapeshifter) (D:15)
  5 elephants
  6 manticores
  9 ugly things
  2 moths of wrath
  2 kobold blastminers (Orc:1)
  7 black mambas
  An orange demon (Lair:2)
  3 torpor snails
  The ghost of ggggg the Chopper, a novice MiFi of Hepliaklqana (D:5)
  9 cane toads
  2 molten gargoyles (Lair:5)
  9 kobold demonologists
  2 unseen horrors
  Maggie (D:8)
  7 komodo dragons
  A freezing wraith (D:15)
  A tengu conjurer (D:13)
  Psyche (D:8)
  16 trolls
  A polar bear (Lair:3)
  Prince Ribbit (D:8)
  9 tarantellas
  4 dream sheep (Lair:4)
  6 hornets
  19 blink frogs
  A jumping spider (D:10)
  6 culicivoras
  2 shadows
  67 yaks
  4 wraiths
  8 wyverns
  14 redbacks
  A vampire (D:13)
  6 humans (Lair:4)
  Grum (D:8)
  4 wargs
  5 basilisks
  3 steam dragons
  4 vampire mosquitoes (D:14)
  Edmund (D:4)
  2 acid dragons
  15 water moccasins
  Duvessa (D:5)
  4 hell hounds (Lair:5)
  Pargi (Sewer)
  30 orc warriors
  4 ice beasts
  A laughing skull (D:13)
  2 sky beasts (D:8)
  A black bear (Lair:4)
  4 wolves (D:8)
  An ogre (shapeshifter) (D:15)
  8 ogres
  10 centaurs
  2 lemures
  4 phantoms
  Blork the orc (D:6)
  5 kobold brigands
  A weeping skull (Ossuary)
  A brain worm (Sewer)
  7 bullfrogs
  3 gnoll sergeants
  5 water moccasin zombies (Ossuary)
  3 scorpions
  4 wights (D:9)
  Dowan (D:5)
  9 killer bees
  A bombardier beetle (D:6)
  6 electric eels
  7 howler monkeys
  9 lava snakes
  A jelly (D:8)
  20 orc priests
  2 hounds (D:7)
  A sleepcap (D:7)
  Jessica (D:2)
  9 hell rats
  6 iguanas
  35 orc wizards
  A crocodile zombie (Ossuary)
  A bullfrog simulacrum (Ossuary)
  3 mummies
  5 gnolls
  An adder (D:5)
  2 shadow imps
  A white imp (D:8)
  4 adder zombies (Ossuary)
  4 ribbon worms
  A dart slug (D:3)
  73 orcs
  8 ball pythons
  7 endoplasms
  4 giant cockroaches (D:6)
  5 hobgoblins
  4 quokkas
  5 bats
  4 frilled lizards
  8 gnoll zombies (Ossuary)
  6 goblins
  A hobgoblin zombie (D:7)
  6 jackal zombies (Ossuary)
  32 kobolds
  3 orc zombies
  6 rats
771 creatures vanquished.

Vanquished Creatures (others)
  2 blink frogs
  A culicivora (Spider:1)
  A redback (D:10)
  A steam dragon (Lair:5)
  An orc warrior (D:10)
  A killer bee (D:9)
  A gnoll (D:8)
8 creatures vanquished.

Grand Total: 779 creatures vanquished

Notes
Turn   | Place    | Note
-------+----------+-------------------------------------------
     0 | D:1      | SnakkuSnakku7 the Merfolk Conjurer began the quest for the
                  | Orb.
     0 | D:1      | Reached XP level 1. HP: 13/13 MP: 3/3
   111 | D:1      | Reached skill level 1 in Fighting
   111 | D:1      | Reached skill level 1 in Unarmed Combat
   128 | D:1      | Reached XP level 2. HP: 19/21 MP: 1/5
   883 | D:2      | Reached XP level 3. HP: 27/27 MP: 6/6
  1026 | D:2      | HP: 1/27 [hobgoblin (2)]
  1114 | D:2      | Noticed Jessica
  1135 | D:2      | Killed Jessica
  1136 | D:2      | Reached XP level 4. HP: 3/34 MP: 0/7
  1478 | D:3      | Noticed a scorpion
  1577 | D:3      | Found an opulent altar of Gozag.
  1744 | D:4      | Noticed an ogre
  2020 | D:3      | Reached skill level 1 in Shapeshifting
  2031 | D:3      | Reached skill level 2 in Shapeshifting
  2031 | D:3      | Reached XP level 5. HP: 3/39 MP: 1/8
  2226 | D:3      | Noticed a phantom
  2265 | D:3      | Killed a phantom
  2266 | D:3      | Reached skill level 3 in Shapeshifting
  2717 | D:3      | Found a faded altar of an unknown god.
  3014 | D:4      | Noticed Edmund
  3051 | D:3      | Reached XP level 6. HP: 30/46 MP: 7/9
  3196 | D:4      | Reached skill level 4 in Shapeshifting
  3713 | D:5      | Entered Level 5 of the Dungeon
  3722 | D:5      | Reached skill level 5 in Unarmed Combat
  3810 | D:4      | HP: 1/46 [iguana (7)]
  3993 | D:4      | Reached XP level 7. HP: 47/51 MP: 8/10
  4053 | D:4      | Reached skill level 5 in Shapeshifting
  4547 | D:5      | Found a runed translucent gate.
  4548 | D:5      | Found a runed translucent gate.
  4548 | D:5      | Noticed ggggg's ghost (novice MiFi)
  4548 | D:5      | Noticed Dowan
  4548 | D:5      | Noticed Duvessa
  4548 | D:5      | Noticed a yak
  4667 | D:6      | Found a staircase to the Ecumenical Temple.
  4678 | Temple   | Entered the Ecumenical Temple
  4691 | Temple   | Became a worshipper of Ru the Awakened
  4708 | D:6      | Noticed Blork the orc
  4722 | D:6      | Killed Blork the orc
  4723 | D:6      | Reached skill level 6 in Shapeshifting
  4915 | D:6      | Reached XP level 8. HP: 40/57 MP: 5/11
  4995 | D:5      | Found a runed translucent gate.
  5027 | D:6      | Found a glowing drain.
  5032 | Sewer    | Entered a sewer
  5195 | Sewer    | Noticed Pargi
  5446 | Sewer    | Killed Pargi
  5479 | Sewer    | Reached skill level 7 in Shapeshifting
  5859 | D:6      | Reached skill level 8 in Shapeshifting
  6025 | D:5      | Killed Duvessa
  6026 | D:5      | Reached XP level 9. HP: 31/62 MP: 7/12
  6191 | D:5      | Killed Dowan
  6196 | D:5      | Reached skill level 9 in Shapeshifting
  6254 | D:5      | Gained mutation: You cannot study or cast Earth magic. [Ru
                  | sacrifice]
  6254 | D:5      | Gained mutation: You cannot study or cast Hexes magic. [Ru
                  | sacrifice]
  6254 | D:5      | Gained mutation: You cannot study or cast Summoning magic.
                  | [Ru sacrifice]
  6254 | D:5      | Reached * piety under Ru
  6748 | D:4      | Killed Edmund
  6937 | D:7      | Found a sand-covered staircase.
  6942 | Ossuary  | Entered an ossuary
  7068 | Ossuary  | Reached skill level 10 in Shapeshifting
  7177 | D:7      | Identified the +4 cloak of Ziec {rF- Dex+7}
  7255 | D:7      | Noticed a hornet
  7263 | D:7      | Killed a hornet
  7264 | D:7      | Reached skill level 10 in Unarmed Combat
  7677 | D:7      | Reached skill level 11 in Shapeshifting
  7677 | D:7      | Reached XP level 10. HP: 64/68 MP: 9/13
  8002 | D:8      | Noticed Psyche
  8031 | D:8      | Killed Psyche
  8262 | D:8      | Noticed Prince Ribbit
  8273 | D:8      | Killed Prince Ribbit
  8274 | D:8      | Reached skill level 12 in Shapeshifting
  8279 | D:8      | Noticed Maggie
  8280 | D:8      | Noticed a moth of wrath
  8288 | D:8      | Killed Maggie
  8302 | D:8      | Gained mutation: You are missing an eye, making it more
                  | difficult to aim. [Ru sacrifice]
  8302 | D:8      | Reached ** piety under Ru
  8330 | D:8      | Found a bloodstained altar of Trog.
  8400 | D:8      | Noticed Grum
  8410 | D:8      | Killed Grum
  8882 | D:9      | Reached skill level 5 in Fighting
  9166 | D:9      | Found a staircase to the Orcish Mines.
  9253 | D:9      | Reached XP level 11. HP: 78/84 MP: 12/14
  9279 | D:9      | Paralysed by a hornet for 3 turns
  9967 | D:10     | Entered Level 10 of the Dungeon
 10069 | D:10     | Found a snail-covered altar of Cheibriados.
 10323 | D:10     | Reached skill level 10 in Fighting
 10323 | D:10     | Gained mutation: You are weak. (Str -2) [Ru sacrifice]
 10450 | D:10     | Identified the +10 dagger "Tucruh" {heavy, rPois Dex+3}
 10574 | D:10     | Found a runed translucent gate.
 10574 | D:10     | Found a runed translucent gate.
 10574 | D:10     | Found a runed translucent gate.
 10579 | D:10     | Noticed jestert79's ghost (journeyman DrRe)
 10760 | D:10     | Found a runed translucent door.
 10770 | D:10     | Found a runed translucent gate.
 10777 | D:10     | Reached skill level 5 in Dodging
 10952 | D:10     | Noticed a boulder beetle
 10953 | D:10     | Found a runed translucent gate.
 10954 | D:10     | Found a runed translucent gate.
 10954 | D:10     | Found a runed translucent gate.
 10954 | D:10     | Found a runed translucent gate.
 10954 | D:10     | Noticed a lindwurm
 10955 | D:10     | Found a runed translucent gate.
 11017 | D:10     | Killed a boulder beetle
 11226 | D:10     | Killed a lindwurm
 11793 | D:11     | Reached skill level 10 in Dodging
 11793 | D:11     | Reached XP level 12. HP: 97/97 MP: 13/15
 11820 | D:11     | Found a transporter.
 11827 | D:11     | Noticed a boulder beetle
 11834 | D:11     | Noticed TheBioAlchemist's ghost (journeyman DrSh)
 11855 | D:11     | Found a transporter.
 11864 | D:11     | Found a staircase to the Lair.
 11877 | D:11     | Identified the +1 chain mail of Complete Protection
                  | {Regen+}
 12212 | Lair:1   | Entered Level 1 of the Lair of Beasts
 12585 | Lair:1   | Reached skill level 13 in Shapeshifting
 12918 | Lair:1   | Identified the ring "Riewn" {rPois Dex+6}
 13033 | Lair:1   | Reached skill level 14 in Shapeshifting
 13198 | Lair:1   | Gained mutation: You cannot be stealthy. [Ru sacrifice]
 13198 | Lair:1   | Reached *** piety under Ru
 13477 | Lair:2   | Noticed a death yak
 13489 | Lair:2   | Noticed a death yak
 13499 | Lair:1   | Killed a death yak
 13533 | Lair:2   | Killed a death yak
 13749 | Lair:2   | Reached skill level 15 in Shapeshifting
 14254 | Lair:2   | Reached XP level 13. HP: 103/103 MP: 13/16
 14285 | Lair:2   | Reached skill level 16 in Shapeshifting
 14544 | Lair:3   | Noticed Amaemon
 14558 | Lair:3   | Paralysed by Amaemon for 2 turns
 14604 | Lair:3   | Killed Amaemon
 14695 | Lair:3   | Reached skill level 17 in Shapeshifting
 15366 | Lair:3   | Gained mutation: You are somewhat unskilled. (-1 Apt) [Ru
                  | sacrifice]
 15366 | Lair:3   | Reduced skill Dodging to level 10
 15366 | Lair:3   | Reduced skill Spellcasting to level 1
 15366 | Lair:3   | Reduced skill Shapeshifting to level 16
 15366 | Lair:3   | Reached **** piety under Ru
 15678 | Lair:3   | Found a staircase to the Shoals.
 15714 | Lair:3   | Found a hole to the Spider Nest.
 15947 | Lair:4   | Found a runed translucent gate.
 15947 | Lair:4   | Found a runed translucent gate.
 15947 | Lair:4   | Found a runed translucent gate.
 16033 | Lair:4   | Reached skill level 17 in Shapeshifting
 16112 | Lair:4   | Found a snail-covered altar of Cheibriados.
 16576 | Lair:4   | Reached skill level 18 in Shapeshifting
 16939 | Lair:4   | Noticed babelphish's ghost (journeyman GrEE)
 16970 | Lair:4   | Found a staircase to the Slime Pits.
 17197 | Lair:5   | Entered Level 5 of the Lair of Beasts
 17232 | Lair:4   | Reached XP level 14. HP: 36/108 MP: 6/16
 17673 | Lair:5   | Reached skill level 19 in Shapeshifting
 18951 | Lair:5   | Gained mutation: You are somewhat inexperienced. (-1 XL)
                  | [Ru sacrifice]
 18951 | Lair:5   | Reached XP level 13. HP: 121/121 MP: 15/15
 18951 | Lair:5   | Reached ***** piety under Ru
 18967 | Lair:5   | Found a large runed translucent door.
 19487 | Lair:5   | Found a large runed translucent door.
 20221 | D:5      | Killed ggggg's ghost
 20763 | D:11     | Killed TheBioAlchemist's ghost
 20875 | D:12     | Noticed Jorgrun
 20900 | D:12     | Killed Jorgrun
 20930 | D:12     | Found a runed translucent gate.
 20930 | D:12     | Found a runed translucent gate.
 20930 | D:12     | Found a runed translucent gate.
 21138 | D:12     | Noticed Urug
 21152 | D:12     | Killed Urug
 21244 | D:12     | Found an opulent altar of Gozag.
 21245 | D:12     | Noticed snydleywhiplash's ghost (journeyman GrEE)
 21716 | D:12     | Found a gateway to a bazaar.
 21719 | D:12     | Found a transporter.
 21725 | D:12     | Found a transporter.
 21725 | D:12     | Found a viscous altar of Jiyva.
 21741 | D:12     | Reached XP level 14. HP: 91/108 MP: 10/16
 21781 | D:12     | Found Ixaicyer's Assorted Antiques.
 22476 | D:13     | Reached skill level 15 in Unarmed Combat
 22576 | D:13     | Reached skill level 1 in Armour
 22625 | D:13     | Found a gate to the Vaults.
 22810 | D:13     | Identified the +2 pair of boots of the Prince of Darkness
                  | {Rampage}
 23293 | D:14     | Gained mutation: You are hated by all. [Ru sacrifice]
 23293 | D:14     | Reached ****** piety under Ru
 23433 | Temple   | Fell from the grace of Ru
 23433 | Temple   | Became a worshipper of Warmaster Okawaru
 23520 | Orc:1    | Entered Level 1 of the Orcish Mines
 23533 | Orc:1    | Found Fiakh's Distillery.
 23550 | Orc:1    | Bought a potion of haste for 110 gold pieces
 23550 | Orc:1    | Bought a potion of resistance for 110 gold pieces
 23581 | Orc:1    | Found Ufots's Book Shop.
 23689 | Orc:2    | Entered Level 2 of the Orcish Mines
 23689 | Orc:2    | Found a staircase to the Elven Halls.
 24084 | Orc:1    | Found Deod's Book Shop.
 24407 | Orc:2    | Reached * piety under Okawaru
 24603 | Orc:2    | Reached skill level 5 in Armour
 24797 | Orc:2    | Noticed an orc warlord
 24875 | Orc:1    | Killed an orc warlord
 25009 | Orc:2    | Reached ** piety under Okawaru
 25389 | Orc:2    | Found Peolleowk's General Store.
 25390 | Orc:2    | Found Nofaguul's Book Boutique.
 25392 | Orc:2    | Found Qaane's Antique Armour Boutique.
 25392 | Orc:2    | Found Fyxtemm's Antique Weapon Shop.
 25407 | Orc:2    | Bought a scroll of enchant armour for 75 gold pieces
 25417 | Orc:2    | Bought a shiny helmet for 180 gold pieces
 25825 | D:14     | Identified the +1 helmet of Cynicism {Str+4 Int+3}
 26174 | D:15     | Entered Level 15 of the Dungeon
 26194 | D:15     | Found a staircase to the Depths.
 26310 | D:15     | Reached *** piety under Okawaru
 26450 | D:15     | Reached skill level 1 in Invocations
 26651 | D:15     | Reached XP level 15. HP: 63/113 MP: 9/17
 26780 | D:15     | Reached **** piety under Okawaru
 26964 | D:15     | Found an iron altar of Okawaru.
 27377 | Bazaar   | Entered a bazaar
 27377 | Bazaar   | Found Kyippa's General Store.
 27377 | Bazaar   | Found Denokh's Jewellery Boutique.
 27392 | Bazaar   | Bought 2 scrolls of teleportation for 72 gold pieces
 27395 | Bazaar   | Found Dofynule's Antique Armour Emporium.
 27406 | Bazaar   | Found Qaariapp's Antique Weapon Shop.
 27422 | Bazaar   | Found Kyaz's Distillery.
 27430 | Bazaar   | Bought a potion of heal wounds for 55 gold pieces
 27441 | Bazaar   | Bought a dragon-blood talisman for 600 gold pieces
 27610 | Spider:1 | Entered Level 1 of the Spider Nest
 27870 | Spider:1 | Reached skill level 5 in Invocations
 28362 | Spider:1 | Reached ***** piety under Okawaru
 28416 | Spider:2 | Noticed Arachne
 28416 | Spider:2 | Identified the +7 scimitar "Wuoxegaj" {flame, Int+5 SInv}
 28483 | Spider:2 | Noticed Frances
 28509 | Spider:1 | Killed Frances
 28707 | Spider:2 | Noticed Mlioglotl
 28725 | Spider:2 | Noticed an Executioner
 28866 | Spider:2 | Killed Mlioglotl
 28959 | Spider:2 | Killed Arachne
 29113 | Spider:2 | Received a gift from Okawaru
 29735 | Spider:2 | Reached skill level 10 in Invocations
 29956 | Spider:3 | Identified the serpent talisman "Fischi" {Dex+5}
 29956 | Spider:3 | Noticed Aizul
 30002 | Spider:3 | Noticed Azrael
 30196 | Spider:3 | HP: 1/114 [wolf spider (5)]
 30213 | Arena    | Entered the Arena
 30213 | Arena    | Slain by a pharaoh ant

Illustrated notes

Levels and vault maps discovered:
D:1:      ebering_hopf_link, layout_basic
D:2:      layout_basic, uniq_jessica
D:3:      layout_basic, nicolae_gozag_cash_rules_everything_around_me,
          basic_ecumenical_altar, nicolae_concentric_dashed_squares_mild
D:4:      layout_loops_ring, uniq_edmund
D:5:      layout_basic, gammafunk_ghost_split, minmay_strange_pillars,
          uniq_pikel, uniq_duvessa
D:6:      layout_basic, minmay_temple_entry_trees, gup_sewer_entry_pipe,
          uniq_blork_the_orc
D:7:      layout_cave_pools, nicolae_ossuary_entry_giza
D:8:      layout_rooms, tgw_trog, st_stairs_5, uniq_prince_ribbit1, uniq_maggie,
          uniq_psyche, uniq_grum
D:9:      layout_basic, david_orc_3, kennysheep_generic_room_2
D:10:     gammafunk_indiana_jones, layout_small_grid,
          mainiacjoe_overflow_boulevard, ebering_ghost_rock_garden,
          minmay_misc_feat_ornament, hangedman_corner_corridor
D:11:     layout_loops_ring, lair_entry_dummy, nzn_ghost_randoct
D:12:     gammafunk_jiyva_shrine, layout_rooms, ebering_ghost_gozag,
          serial_shops, bzr_entry_water, dreamdust_wasp_nest, uniq_jorgrun,
          uniq_urug
D:13:     layout_rooms, david_vaults_5
D:14:     layout_irregular_city, minivault_25
D:15:     gammafunk_depths_entry_grave, layout_loops_cross,
          okawaru_metal_pillars_1_2, serial_library_regret_index_small_wings
Temple:   compressed_dpeg_triangle_lava_temple
Lair:1:   layout_gridlike, chequers_serial_rivers_small_3, serial_bayou_shore_a
Lair:2:   layout_chaotic_city, serial_bayou_shore_b
Lair:3:   layout_long_grid, shoals_dummy_entry, spider_nest_entry_funnel_web,
          minivault_24, uniq_amaemon
Lair:4:   slaughterhouse, layout_loops_ring, dpeg_slime_entry_enclosed,
          ebering_ghost_rock_garden, basic_altar
Lair:5:   cheibrodos_lair_end_hotspot, layout_cave_pods,
          dreamdust_mushroom_princess
Spider:1: layout_spider_delve, drop_trap
Spider:2: layout_spider_delve, uniq_frances, uniq_mlioglotl, uniq_arachne
Spider:3: layout_spider_delve, einodemon_crawler_minivault, uniq_aizul,
          uniq_azrael
Orc:1:    layout_caves, serial_shops, shop, shop_statue, nicolae_shop_trees
Orc:2:    st_orc_congregation, layout_diamond_mine, sword_in_stone
Arena

Skill      XL: |  1  2  3  4  5  6  7  8  9 10 11 12 13 14 15 |
---------------+----------------------------------------------+-----
Fighting       | 1 2 7 10 9 |  9.5
Unarmed Combat | 1 2 3 4 5 6 8 10 12 14 15 | 15.0
Shapeshifting  | 2 3 4 6 8 11 12 15 18 19 | 19.0
Dodging        | 10 11 10 | 10.6
Stealth        | 0 |  0.0
Spellcasting   | 1 |  1.7
Conjurations   | 2 |  2.9
Armour         | 7 |  7.1
Invocations    | 3 10 | 10.0

Action                     |  1- 3 |  4- 6 |  7- 9 | 10-12 | 13-15 || total
---------------------------+-------+-------+-------+-------+-------++-------
  Melee: Unarmed           |   107 |   231 |   502 |   763 |  1958 ||  3561
         Punch             |     1 |     8 |    16 |       |    78 ||   103
         Constrict         |       |       |    52 |   111 |   169 ||   332
         Tailslap          |       |       |     8 |       |    14 ||    22
  Throw: Dart              |       |     8 |     7 |       |       ||    15
   Cast: Magic Dart        |    27 |       |       |       |       ||    27
 Invoke: Sacrifice Arcana  |       |       |     1 |       |       ||     1
         Sacrifice an Eye  |       |       |       |     1 |       ||     1
         Sacrifice Purity  |       |       |       |     1 |       ||     1
         Sacrifice Stealth |       |       |       |     1 |       ||     1
         Draw Out Power    |       |       |       |       |     5 ||     5
         Power Leap        |       |       |       |       |     1 ||     1
         Sacrifice Experie |       |       |       |       |     1 ||     1
         Sacrifice Skill   |       |       |       |       |     1 ||     1
         Heroism           |       |       |       |       |     2 ||     2
         Sacrifice Love    |       |       |       |       |     1 ||     1
         Duel              |       |       |       |       |     1 ||     1
  Evoke: Wand              |       |       |       |     4 |     4 ||     8
    Use: Potion            |       |     1 |     1 |     3 |    10 ||    15
         Scroll            |       |     1 |     9 |    19 |    19 ||    48
   Stab: Sleeping          |     1 |     2 |     5 |     4 |       ||    12
         Distracted        |       |     1 |       |       |     3 ||     4
         Invisible         |       |       |       |     6 |    12 ||    18
         Paralysed         |       |       |       |       |     3 ||     3
 Armour: Robe              |    68 |   122 |   178 |       |       ||   368
         Skin              |       |       |   168 |   557 |   658 ||  1383
         Chain mail        |       |       |       |       |  1043 ||  1043
  Dodge: Dodged            |    82 |   133 |   307 |   348 |  1136 ||  2006
   Form: Serpent           |       |       |     1 |     1 |     3 ||     5
                           |       |       |       |     1 |     1 ||     2
         Blade             |       |       |       |       |     4 ||     4
